 Dungeon Crawl Stone Soup version 0.31-a0-210-gccc998df9b (webtiles) character file.

Game seed: 4186583888588120483

2005 qw the Cleaver (level 9, -1/55 HPs)
             Began as a Gargoyle Fighter on June 30, 2023.
             Was a Believer of Okawaru.
             Slain by a wight
             ... wielding a +1 halberd of freezing
              (10 damage)
             ... on level 6 of the Dungeon.
             The game lasted 00:02:40 (4554 turns).

qw the Cleaver (Gargoyle Fighter)                   Turns: 4554, Time: 00:02:41

Health: -1/55      AC: 25    Str: 25    XL:     9   Next: 22%
Magic:  10/12      EV:  9    Int:  8    God:    Okawaru [**....]
Gold:   406        SH:  5    Dex:  9    Spells: 8/8 levels left

rFire   . . .        b - +0 war axe (vamp)
rCold   . . .        c - +0 buckler
rNeg    + . .        l - +0 plate armour
rPois   inf          i - +0 helmet
rElec   +            q - +0 cloak
rCorr   .            e - +0 pair of gloves
SInv    .            (no boots)
Will    .....        (no amulet) Stlth
                     (no ring)
HPRegen 0.29/turn    (no ring)
MPRegen 0.13/turn

%: no passive effects
@: about to teleport, heroic
A: sickness immunity, AC +6, negative energy resistance 1, electricity
resistance, torment resistance 1, petrification resistance
a: Renounce Religion, Heroism


You were on level 6 of the Dungeon.
You worshipped Okawaru.
Okawaru was pleased with you.
You visited 1 branch of the dungeon, and saw 6 of its levels.

You collected 406 gold pieces.


Innate Abilities, Weirdness & Mutations

You are immune to sickness and miasma.
Your stone body is resilient. (AC +6)
You are immune to poison.
You resist negative energy. (rN+)
You are resistant to electric shocks. (rElec)
You are resistant to unholy torment.
You are immune to petrification.


   Skills:
 - Level 6.2(11.2) Fighting
 + Level 8.6(13.6) Axes
 - Level 5.0(10.0) Armour
 - Level 1.3(6.3) Dodging
 - Level 3.2(8.2) Shields
 - Level 4.1 Invocations


You had 8 spell levels left.
You didn't know any spells.
Your spell library was empty.

Inventory:

Hand Weapons
 a - a +0 war axe
 b - a +0 vampiric war axe (weapon)
 r - a +3 morningstar
Armour
 c - a +0 buckler (worn)
 e - a +0 pair of gloves (worn)
 i - a +0 helmet (worn)
 l - a +0 plate armour (worn)
 q - a +0 cloak (worn)
Jewellery
 m - an amulet of magic regeneration
Scrolls
 o - 5 scrolls of identify
 p - a scroll of teleportation
Potions
 d - 2 potions of might
 f - a potion of enlightenment
 g - 2 potions of lignification
 h - 4 potions of curing
 j - 3 potions of haste
 k - 2 potions of resistance
 n - a potion of magic

Dungeon Overview and Level Annotations

Branches:
Dungeon (6/15)
 Temple: D:4-7

Altars:
Hepliaklqana
Kikubaaqudgha
Okawaru
Qazlal
Sif Muna
Wu Jian
Xom


Message History

You destroy the wight!
Okawaru accepts your kill.
You barely miss the wight. The wight barely misses you.
The wight hits you but does no damage.
You slice the wight!!
You destroy the wight!
Okawaru accepts your kill.
You barely miss the wight. The wight hits you but does no damage.
The wight barely misses you.
You slash the wight!
The wight is heavily damaged.
The wight closely misses you. x2
You closely miss the wight.
The wight is heavily damaged.
The wight hits you but does no damage.
The wight hits you from afar with a +1 halberd of freezing!
The wight freezes you.
4550 ||| INVOKING Heroism.
You gain the combat prowess of a mighty hero.
The wight barely misses you.
You slash the wight!
The wight is almost destroyed.
The wight hits you from afar with a +1 halberd of freezing!
The wight freezes you. You block the wight's attack.
You slash the wight!
You destroy the wight!
Okawaru accepts your kill.
You hit the wight.
The wight hits you but does no damage. x2
You slash the wight!
The wight is severely damaged.
The wight hits you with a +2 long sword of freezing.
The wight freezes you.
The wight hits you from afar with a +1 halberd of freezing!
The wight freezes you.
4554 ||| READING 2 scrolls of teleportation.
As you read the scroll of teleportation, it crumbles to dust.
You feel strangely unstable.
The wight hits you from afar with a +1 halberd of freezing!
You die...

........# .......#
......# .....# ..
.. ....+ ... ....
# ..z #.#
..####+##
#z####.##..#......
#@)..#.....#......
+....#.....#).....
#....#.....#......
#..........#......
#...#..#####......
#######..........#
#..........#
#..........#
#.<.....(..#


You could see 2 wights.

Vanquished Creatures
  Menkaure (D:6)
  Edmund (D:6)
  An orc warrior (D:4)
  2 ice beasts
  A hornet zombie (D:5)
  An ogre (D:5)
  A phantom (D:6)
  3 scorpions
  A necrophage (D:5)
  8 wights
  A centaur zombie (D:5)
  A bullfrog zombie (D:5)
  A human zombie (D:5)
  A jelly (D:6)
  3 orc priests
  3 sleepcaps
  2 iguanas
  A hound zombie (D:5)
  A howler monkey zombie (D:5)
  6 gnolls
  4 adders
  2 worms
  A dart slug (D:1)
  8 orcs
  2 ball pythons
  4 endoplasms
  12 giant cockroaches
  16 goblins
  6 hobgoblins
  4 quokkas
  6 bats
  5 frilled lizards
  4 kobolds (D:1)
  7 rats
121 creatures vanquished.

Notes
Turn   | Place    | Note
-------+----------+-------------------------------------------
     0 | D:1      | qw the Gargoyle Fighter began the quest for the Orb.
     0 | D:1      | Reached XP level 1. HP: 14/14 MP: 1/1
     0 | D:1      | 0 ||| qw: Version: 0.3-a-26-gee661ec
     0 | D:1      | 0 ||| qw: Game counter: 7156
     0 | D:1      | 0 ||| qw: Melee chars always use a shield: true
     0 | D:1      | 0 ||| qw: God list: Okawaru
     0 | D:1      | 0 ||| qw: Allow faded altars: false
     0 | D:1      | 0 ||| qw: Do Orc after clearing Dungeon:15 true
     0 | D:1      | 0 ||| qw: Do second Lair branch before Depths: true
     0 | D:1      | 0 ||| qw: Lair rune preference: random
     0 | D:1      | 0 ||| qw: Goals: Normal, Zot:1-4, Slime:5, God:TSO, Crypt,
                  | Tomb, Abyss, Pan, Hells, Win
     0 | D:1      | 0 ||| PLANNING D:1-11
    72 | D:1      | Reached skill level 2 in Axes
   177 | D:1      | Reached XP level 2. HP: 18/19 MP: 2/2
   559 | D:1      | 559 ||| UPGRADING to +0 pair of gloves.
   564 | D:1      | 564 ||| READING scroll labelled WOLIT ICYM.
   565 | D:1      | 565 ||| READING scroll labelled BATUMU HYETIU.
   566 | D:1      | 566 ||| READING scroll labelled SIQAWI GIRIBEW.
   570 | D:1      | 570 ||| READING scroll labelled REUQEIFR VUUJ.
   571 | D:1      | 571 ||| DRINKING 2 pink potions.
   647 | D:2      | Reached skill level 3 in Axes
   663 | D:2      | Reached XP level 3. HP: 19/23 MP: 3/3
   765 | D:2      | Found a faded altar of an unknown god.
   792 | D:2      | 792 ||| Stepping ~*~*~tactically~*~*~ (hiding).
   793 | D:2      | 793 ||| Stepping ~*~*~tactically~*~*~ (hiding).
   799 | D:2      | Reached XP level 4. HP: 22/28 MP: 4/4
   835 | D:2      | 835 ||| DROPPING +0 whip.
   899 | D:2      | 899 ||| Stepping ~*~*~tactically~*~*~ (stealth).
   977 | D:2      | 977 ||| Stepping ~*~*~tactically~*~*~ (stealth).
  1142 | D:2      | 1142 ||| Stepping ~*~*~tactically~*~*~ (stealth).
  1154 | D:2      | Reached skill level 4 in Axes
  1239 | D:2      | Reached XP level 5. HP: 28/32 MP: 5/5
  1356 | D:2      | 1356 ||| UPGRADING to +0 helmet.
  1361 | D:2      | 1361 ||| READING scroll labelled ZUBUOW USCHIO.
  1362 | D:2      | 1362 ||| READING scroll labelled ESSYMO RESMO.
  1363 | D:2      | 1363 ||| DRINKING 2 bubbling pink potions.
  1364 | D:2      | 1364 ||| DRINKING 2 clear potions.
  1365 | D:2      | 1365 ||| DRINKING 2 smoky amethyst potions.
  1499 | D:3      | Reached skill level 5 in Axes
  1691 | D:3      | Found an iron altar of Okawaru.
  1692 | D:3      | 1692 ||| PLANNING OKAWARU WORSHIP
  1692 | D:3      | 1692 ||| UPGRADING to +0 chain mail.
  1702 | D:3      | 1702 ||| DROPPING +0 scale mail.
  1703 | D:3      | 1703 ||| READING scroll labelled ORUICA AMYBUS.
  1704 | D:3      | 1704 ||| READING 2 scrolls of identify.
  1704 | D:3      | 1704 ||| IDENTIFYING inky potion
  1709 | D:3      | Became a worshipper of Warmaster Okawaru
  1710 | D:3      | 1710 ||| PLANNING D:1-11
  1738 | D:3      | Found a hazy altar of Hepliaklqana.
  2061 | D:3      | Reached XP level 6. HP: 38/38 MP: 6/6
  2146 | D:3      | Found a shimmering blue altar of Sif Muna.
  2285 | D:3      | 2285 ||| READING scroll labelled NEOBUNU UCUNO.
  2286 | D:3      | 2286 ||| READING 3 scrolls of identify.
  2286 | D:3      | 2286 ||| IDENTIFYING smoky emerald potion
  2287 | D:3      | 2287 ||| READING 2 scrolls of identify.
  2287 | D:3      | 2287 ||| IDENTIFYING glowing orange potion
  2303 | D:4      | Found a stormy altar of Qazlal.
  2596 | D:4      | 2596 ||| Stepping ~*~*~tactically~*~*~ (hiding).
  2716 | D:4      | Noticed an orc warrior
  2730 | D:4      | HP: 8/38 [orc warrior/+0 long sword (7)]
  2731 | D:4      | 2731 ||| DRINKING potion of heal wounds.
  2739 | D:4      | Killed an orc warrior
  2740 | D:4      | Reached skill level 6 in Axes
  2778 | D:4      | Found an ornate altar of the Wu Jian Council.
  3098 | D:4      | 3098 ||| UPGRADING to +0 plate armour.
  3108 | D:4      | 3108 ||| DROPPING +0 chain mail.
  3122 | D:5      | Entered Level 5 of the Dungeon
  3140 | D:5      | Noticed an ice beast
  3151 | D:5      | Killed an ice beast
  3152 | D:5      | Reached XP level 7. HP: 43/43 MP: 7/7
  3186 | D:5      | Reached * piety under Okawaru
  3285 | D:5      | Reached skill level 1 in Invocations
  3578 | D:5      | 3578 ||| DROPPING +2 flail of protection.
  3602 | D:5      | Reached skill level 7 in Axes
  3602 | D:5      | Reached skill level 3 in Invocations
  3602 | D:5      | Reached XP level 8. HP: 37/48 MP: 8/10
  3706 | D:5      | 3706 ||| INVOKING Heroism.
  3806 | D:5      | Reached ** piety under Okawaru
  3833 | D:5      | Found an ancient bone altar of Kikubaaqudgha.
  3845 | D:5      | Reached skill level 1 in Dodging
  4006 | D:5      | 4006 ||| Stepping ~*~*~tactically~*~*~ (stealth).
  4152 | D:5      | 4152 ||| UPGRADING to +0 cloak.
  4194 | D:6      | 4194 ||| PLANNING OSSUARY
  4228 | D:6      | Noticed Menkaure
  4229 | D:6      | 4229 ||| INVOKING Heroism.
  4240 | D:6      | Killed Menkaure
  4275 | D:6      | Noticed Edmund
  4276 | D:6      | 4276 ||| INVOKING Heroism.
  4290 | D:6      | Killed Edmund
  4291 | D:6      | Reached skill level 8 in Axes
  4313 | D:6      | 4313 ||| Stepping ~*~*~tactically~*~*~ (stealth).
  4318 | D:6      | 4318 ||| INVOKING Heroism.
  4335 | D:6      | 4335 ||| Stepping ~*~*~tactically~*~*~ (stealth).
  4346 | D:6      | Reached XP level 9. HP: 53/54 MP: 12/12
  4418 | D:6      | 4418 ||| INVOKING Heroism.
  4445 | D:6      | Found a shimmering altar of Xom.
  4502 | D:6      | Reached skill level 6 in Fighting
  4550 | D:6      | 4550 ||| INVOKING Heroism.
  4553 | D:6      | HP: 12/55 [wight/+1 halberd of freezing (10)]
  4554 | D:6      | 4554 ||| READING 2 scrolls of teleportation.
  4554 | D:6      | Slain by a wight

Levels and vault maps discovered:
D:1:      co_arrival_square_in_a_square_in_a_square, layout_loops_cross,
          item_on_display_a
D:2:      cheibrodos_pilgrimage, layout_loops_cross,
          dilly_ecumenical_altar_fadedgnrine
D:3:      minmay_roachtagon, layout_loops_cross, led_sif_pool,
          mainiacjoe_overflow_two_lobes, hangedman_abyss_or_decor_lesser_grid,
          wander_ebering_terrifying_dragon_lair
D:4:      cheibrodos_greedy_goblins, layout_loops_ring,
          mainiacjoe_overflow_chevrons, marbit_many_paths
D:5:      layout_rooms, lemuel_mausoleum_altar_kikubaaqudgha,
          chequers_serial_rivers_marsh
D:6:      layout_gridville, brannock_xom_greatest_gift, enter_ossuary_3,
          uniq_grinder, uniq_sigmund, uniq_menkaure, uniq_edmund

Skill      XL: |  1  2  3  4  5  6  7  8  9 |
---------------+----------------------------+-----
Axes           | 2 3 4 5 6 7 8 |  8.6
Fighting       | 4 5 6 |  6.2
Armour         | 4 5 |  5.0
Invocations    | 3 4 |  4.1
Dodging        | 1 |  1.3
Shields        | |  3.2

Action                     |  1- 3 |  4- 6 |  7- 9 || total
---------------------------+-------+-------+-------++-------
  Melee: War axe           |    82 |   194 |   209 ||   485
 Invoke: Heroism           |       |       |     6 ||     6
    Use: Scroll            |     4 |     7 |     1 ||    12
         Potion            |     1 |     4 |       ||     5
 Armour: Scale mail        |    41 |    27 |       ||    68
         Chain mail        |       |    65 |       ||    65
         Plate armour      |       |     6 |   117 ||   123
  Dodge: Dodged            |    32 |    59 |    65 ||   156
  Block: Buckler           |    10 |    38 |    40 ||    88

Table legend:
 A = Non-vault XP
 B = Vault XP
 C = Vault XP percentage of total XP
 D = Non-vault monster count
 E = Vault monster count
 F = Vault count percentage of total count
                 A         B        C        D         E       F
            +---------+---------+-------+---------+---------+-------
      Total |    1492 |    1373 |  47.9 |      79 |      42 |  34.7
            +---------+---------+-------+---------+---------+-------
        D:1 |      26 |       0 |   0.0 |      16 |       0 |   0.0
        D:2 |      47 |      99 |  67.8 |      12 |       7 |  36.8
        D:3 |     158 |      21 |  11.7 |      15 |      11 |  42.3
        D:4 |      57 |     155 |  73.1 |      11 |      10 |  47.6
        D:5 |     484 |     744 |  60.6 |      11 |      12 |  52.2
        D:6 |     720 |     354 |  33.0 |      14 |       2 |  12.5
            +---------+---------+-------+---------+---------+-------
